 Dungeon Crawl Stone Soup version 0.31-a0-1074-g0b22e4e0f1 (webtiles) character file.

Game seed: 17830663539624165656

138 croobank the Ruffian (level 5, -3/63 HPs)
             Began as a Draconian Shapeshifter on Dec 3, 2023.
             Slain by a lemure (6 damage)
             ... led by Pikel
             ... on level 4 of the Dungeon.
             The game lasted 00:05:13 (3134 turns).

croobank the Ruffian (Draconian Shapeshifter)       Turns: 3134, Time: 00:05:14

Health: -3/63      AC: 22    Str: 15 (16) XL:     5   Next: 1%
Magic:  5/5        EV:  2    Int: 11 (12) God:
Gold:   111        SH:  0    Dex:  8 (11) Spells: 4/4 levels left

rFire   + . .        m - +3 short sword
rCold   + . .        (no shield)
rNeg    . . .        (body armour unavailable)
rPois   +            (helmet currently unavailable)
rElec   +            e - melded +0 cloak
rCorr   +            (gloves currently unavailable)
SInv    .            (boots currently unavailable)
Will    .....        (no amulet)
Stlth   +            (no ring)
HPRegen 0.30/turn    (no ring)
MPRegen 0.09/turn

%: no passive effects
@: tree-form, resistant
A: stationary, stasis, torment immunity, boosted hp, AC +5, unfitting armour,
(cold-blooded)
a: no special abilities


You were on level 4 of the Dungeon.
You were a tree.
You visited 1 branch of the dungeon, and saw 4 of its levels.

You collected 111 gold pieces.

Inventory:

Hand Weapons
 f - a +0 dagger
 m - a +3 short sword (weapon)
 n - a +0 scimitar
Missiles
 r - 4 poisoned darts
Armour
 e - a +0 cloak (melded)
Jewellery
 i - a ring of ice
 l - a ring of willpower
 q - a +4 ring of slaying
Talismans
 b - a beast talisman (active)
 c - a flux talisman
Scrolls
 k - a scroll of poison
Potions
 g - a potion of magic


   Skills:
 + Level 2.7 Fighting
 + Level 2.8 Dodging
 + Level 3.8 Unarmed Combat
 + Level 3.7 Shapeshifting


You had 4 spell levels left.
You didn't know any spells.
Your spell library contained the following spells:

 Spells                   Type           Power      Damage    Failure   Level
 Poisonous Vapours        Pois/Air       0%         N/A       47%         2
 Hailstorm                Conj/Ice       0%         3d3       71%         3
 Mephitic Cloud           Conj/Pois/Air  0%         N/A       71%         3
 Summon Ice Beast         Ice/Summ       0%         N/A       98%         4
 Freezing Cloud           Conj/Ice/Air   0%         6-21      100%        5
 Simulacrum               Ice/Necr       0%         N/A       100%        6
 Ozocubu's Refrigeration  Ice            0%         4d7       100%        7
 Polar Vortex             Ice            0%         N/A       100%        9


Dungeon Overview and Level Annotations

Branches:
Dungeon (4/15)
 Temple: D:4-7

Altars:

Annotations:
D:3 1 runed translucent door, Crazy Yiuf
D:4 Pikel


Innate Abilities, Weirdness & Mutations

You are a tree.
Your roots penetrate the ground, keeping you stationary.
You cannot be teleported.
You are immune to unholy pain and torment.
Your maximum health is greatly increased.
Your equipment is partially melded.
((Your plain brown scales are hard. (AC +5)))
You cannot fit into any form of body armour.
((You are cold-blooded and may be slowed by cold attacks.))


Message History

The hound bites you but does no damage. x2; The lemure hits you.
* * * LOW HITPOINT WARNING * * *
The lemure hits you but does no damage. Pikel hits you but does no damage.
The lemure hits you but does no damage. The hound bites you.
* * * LOW HITPOINT WARNING * * *
The hound bites you but does no damage.
You closely miss Pikel. Your punch misses Pikel.
Pikel is heavily wounded.
The hound bites you but does no damage. x2
The lemure hits you but does no damage. x2
The endoplasm freezes you.
You are frozen.
You resist.
* * * LOW HITPOINT WARNING * * *
The lemure hits you but does no damage. Pikel hits you but does no damage.
You closely miss Pikel.
Pikel is heavily wounded.
The hound bites you but does no damage. The hound bites you.
* * * LOW HITPOINT WARNING * * *
The lemure hits you but does no damage. x2
The endoplasm hits you but does no damage.
Pikel hits you but does no damage. The lemure hits you but does no damage.
The hound bites you but does no damage. x2
You completely miss Pikel. Your punch misses Pikel.
Pikel is heavily wounded.
The hound bites you but does no damage. x2
The lemure hits you but does no damage. x2
The endoplasm freezes you.
You are frozen.
You resist.
* * * LOW HITPOINT WARNING * * *
Pikel hits you with a +1 whip of electrocution.
* * * LOW HITPOINT WARNING * * *
The lemure hits you but does no damage.
A dart slug comes into view.
You hit Pikel. Your punch misses Pikel.
Pikel is heavily wounded.
Your enlightenment fades.
The hound bites you.
* * * LOW HITPOINT WARNING * * *
The hound bites you but does no damage. The lemure hits you.
You die...

##...##+###.#.#
#.....[....# # ..
##.........# .?.
#.........# ....
#....†....#+#....
#...............w
#................
#.......55K......
###......♣h5.....
........Jh5......
.............####
.......#......#
.......#......#
..............
..............
............


You could see Pikel, 4 lemures, 2 hounds, a dart slug and an endoplasm.

Vanquished Creatures
  3 gnolls
  4 adders
  A worm (D:2)
  6 ball pythons
  3 bats
  8 endoplasms
  3 giant cockroaches
  8 goblins
  8 hobgoblins
  3 jackals (D:1)
  3 kobolds
  3 quokkas
  3 frilled lizards (D:1)
  7 rats
63 creatures vanquished.

Vanquished Creatures (collateral kills)
  A giant cockroach (D:3)
1 creature vanquished.

Grand Total: 64 creatures vanquished

Notes
Turn   | Place    | Note
-------+----------+-------------------------------------------
     0 | D:1      | croobank the Draconian Shapeshifter began the quest for the
                  | Orb.
     0 | D:1      | Reached XP level 1. HP: 16/16 MP: 1/1
    90 | D:1      | Reached XP level 2. HP: 23/23 MP: 2/2
   419 | D:1      | Reached XP level 3. HP: 24/29 MP: 3/3
  1319 | D:2      | Reached XP level 4. HP: 26/36 MP: 4/4
  2905 | D:3      | Found a runed translucent door.
  2906 | D:3      | Noticed Crazy Yiuf
  2939 | D:3      | Found a faded altar of an unknown god.
  3090 | D:4      | Reached XP level 5. HP: 42/42 MP: 5/5
  3120 | D:4      | Noticed a lemure
  3121 | D:4      | Noticed Pikel
  3121 | D:4      | Noticed a lemure
  3121 | D:4      | Noticed a lemure
  3122 | D:4      | Noticed a lemure
  3134 | D:4      | HP: 3/63 [hound (4)]
  3134 | D:4      | Slain by a lemure

Illustrated notes

Levels and vault maps discovered:
D:1:      dpeg_arrival_more_subterranean_lakeside_camping, layout_basic
D:2:      minmay_inner_zag, layout_loops_corners, kennysheep_generic_room_7
D:3:      layout_basic, shapermc_ecumenical_altar_hornbeckon,
          small_statue_intersection, nicolae_figureground_sparkle,
          uniq_crazy_yiuf_cottage
D:4:      layout_basic, uniq_eustachio, uniq_pikel, uniq_edmund

Skill      XL: |  1  2  3 |
---------------+----------+-----
Dodging        | 2 |  2.8
Fighting       | 2 |  2.7
Unarmed Combat | |  3.8
Shapeshifting  | |  3.7

Action                     |  1- 3 |  4- 6 || total
---------------------------+-------+-------++-------
  Melee: Unarmed           |   108 |    61 ||   169
         Tailslap          |    10 |     8 ||    18
         Punch             |     3 |       ||     3
         Short sword       |       |     5 ||     5
    Use: Scroll            |       |     7 ||     7
         Potion            |       |     4 ||     4
 Armour: Skin              |    49 |    80 ||   129
  Dodge: Dodged            |    48 |    49 ||    97
   Form: Beast             |     2 |       ||     2
                           |     1 |       ||     1

Table legend: (Time is in decaauts)
 A = Elapsed time spent in this place.
 B = Non-inter-level travel time spent in this place.
 C = Inter-level travel time spent in this place.
 D = Time resting spent in this place.
 E = Time spent auto-exploring this place.
 F = Levels seen in this place.
 G = Mean time per level.
                   A        B        C        D        E       F      G
               +--------+--------+--------+--------+--------+-----+--------+
         Total |   3128 |   2895 |    233 |    512 |   1929 |   4 |  782.0 |
       Dungeon |   3128 |   2895 |    233 |    512 |   1929 |   4 |  782.0 |
               +--------+--------+--------+--------+--------+-----+--------+

Top non-repeatable levels by time:
     D:2: 1176 daAuts
     D:3: 1108 daAuts
     D:1: 793 daAuts
     D:4: 49 daAuts
